PCL
SANTA MONICA BRUINS @ MEXICO CITY CERVECEROS
05/19/2023
 
TOP OF THE 1ST
Santa Monica Bruins batting - Pitching for Mexico City Cerveceros : RHP Thomas Hughes
Pitching: RHP Thomas Hughes
Batting: RHB Pablo Peña 0-0: Called Strike
0-1: Ball
1-1: Ball
2-1: Ball
3-1: Called Strike
3-2: DOUBLE (Groundball, 5L)
Batting: LHB Fernando De La Cruz 0-0: Ball
1-0: SINGLE (Groundball, 4MS) (infield hit)
Pablo Peña to third
Batting: LHB Germán Charfauros 0-0: Foul Ball, location: 2F
0-1: Ball
1-1: Swinging Strike
1-2: Foul Ball, location: 2F
1-2: Ball
2-2: Strikes out swinging
Batting: LHB Cade Delaney 0-0: Ball
1-0: Called Strike
1-1: Ball
Wild Pitch!
Pablo Peña scores
Fernando De La Cruz to second
2-1: Called Strike
2-2: Strikes out swinging
Batting: RHB Juan Acuña 0-0: Ball
1-0: Foul Ball, location: 2F
1-1: Ball
2-1: Foul Ball, location: 2F
2-2: Ground out 1-3 (Groundball, 23)
Top of the 1st over - 1 run(s), 2 hit(s), 0 error(s), 1 left on base; Santa Monica 1 - Mexico City 0
BOTTOM OF THE 1ST
Mexico City Cerveceros batting - Pitching for Santa Monica Bruins : RHP José Castro
Pitching: RHP José Castro
Batting: RHB Dan Mason 0-0: Foul Ball, location: 2F
0-1: Ball
1-1: Foul Ball, location: 2F
1-2: Foul Ball, location: 2F
1-2: Ball
2-2: Ball
3-2: Base on Balls
Batting: RHB Murai Ishihara 0-0: Called Strike
0-1: Grounds into double play, 5-4-3 (Groundball, 5)
Batting: LHB Luka Lagerweij 0-0: Called Strike
0-1: Ball
1-1: Foul Ball, location: 2F
1-2: Fly out, F8 (Flyball, 8LD)
Bottom of the 1st over - 0 run(s), 0 hit(s), 0 error(s), 0 left on base; Santa Monica 1 - Mexico City 0
TOP OF THE 2ND
Santa Monica Bruins batting - Pitching for Mexico City Cerveceros : RHP Thomas Hughes
Batting: LHB Matsusuke Yamasaki 0-0: Ball
1-0: Called Strike
1-1: Ball
2-1: Ball
3-1: Swinging Strike
3-2: Foul Ball, location: 2F
3-2: Strikes out swinging
Batting: LHB Patrick Osborne 0-0: Foul Ball, location: 2F
0-1: Swinging Strike
0-2: Ball
1-2: Strikes out swinging
Batting: RHB Motoshige Yagi 0-0: Swinging Strike
0-1: Ball
1-1: Foul Ball, location: 2F
1-2: Strikes out swinging
Top of the 2nd over - 0 run(s), 0 hit(s), 0 error(s), 0 left on base; Santa Monica 1 - Mexico City 0
BOTTOM OF THE 2ND
Mexico City Cerveceros batting - Pitching for Santa Monica Bruins : RHP José Castro
Batting: RHB Dave Morgan 0-0: Foul Ball, location: 2F
0-1: Ground out 6-3 (Groundball, 6M)
Batting: LHB Eduardo Gómez 0-0: Called Strike
0-1: Ball
1-1: Ball
2-1: DOUBLE (Flyball, 8RXD)
Batting: LHB Chad Weaver 0-0: Called Strike
0-1: Ball
1-1: Foul Ball, location: 2F
1-2: Foul Ball, location: 2F
1-2: SINGLE (Line Drive, 56D)
Eduardo Gómez to third
Batting: LHB Javier Escobedo 0-0: Ball
1-0: Called Strike
1-1: Foul Ball, location: 2F
1-2: Strikes out swinging
Batting: LHB Jesús Ramírez 0-0: Called Strike
Chad Weaver steals 2nd base
0-1: Called Strike
0-2: Fly out, F2 (Popup, 2LF)
Bottom of the 2nd over - 0 run(s), 2 hit(s), 0 error(s), 2 left on base; Santa Monica 1 - Mexico City 0
TOP OF THE 3RD
Santa Monica Bruins batting - Pitching for Mexico City Cerveceros : RHP Thomas Hughes
Batting: RHB Armando Méndez 0-0: Foul Ball, location: 2F
0-1: SINGLE (Groundball, 56D)
Batting: RHB Pablo Peña 0-0: Swinging Strike
0-1: Swinging Strike
0-2: Foul Ball, location: 2F
0-2: Strikes out swinging
Batting: LHB Fernando De La Cruz 0-0: Called Strike
0-1: Swinging Strike
0-2: Strikes out looking
Batting: LHB Germán Charfauros 0-0: Swinging Strike
0-1: Ball
1-1: Swinging Strike
1-2: Strikes out swinging
Top of the 3rd over - 0 run(s), 1 hit(s), 0 error(s), 1 left on base; Santa Monica 1 - Mexico City 0
BOTTOM OF THE 3RD
Mexico City Cerveceros batting - Pitching for Santa Monica Bruins : RHP José Castro
Batting: RHB Robert Johnson 0-0: Ball
1-0: Ground out 1-3 (Groundball, 15)
Batting: RHB Dan Mason 0-0: Foul Ball, location: 2F
0-1: Ground out 5-3 (Groundball, 56)
Batting: RHB Murai Ishihara 0-0: SINGLE (Groundball, 6MD)
Batting: LHB Luka Lagerweij 0-0: Ball
1-0: Swinging Strike
1-1: Ball
2-1: DOUBLE (Line Drive, 3D)
Murai Ishihara to third
Batting: RHB Dave Morgan 0-0: Ball
1-0: Ball
2-0: Ball
3-0: Called Strike
3-1: 3-RUN HOME RUN (Line Drive, 78XD), Distance : 411 ft
Batting: LHB Eduardo Gómez 0-0: Fly out, F9 (Flyball, 9M)
Bottom of the 3rd over - 3 run(s), 3 hit(s), 0 error(s), 0 left on base; Santa Monica 1 - Mexico City 3
TOP OF THE 4TH
Santa Monica Bruins batting - Pitching for Mexico City Cerveceros : RHP Thomas Hughes
Batting: LHB Cade Delaney 0-0: Called Strike
0-1: Ball
1-1: Called Strike
1-2: Ball
2-2: Ground out 4-3 (Groundball, 4)
Batting: RHB Juan Acuña 0-0: Ball
1-0: Called Strike
1-1: Foul Ball, location: 2F
1-2: Ball
2-2: Foul Ball, location: 2F
2-2: Foul Ball, location: 2F
2-2: Strikes out looking
Batting: LHB Matsusuke Yamasaki 0-0: Ball
1-0: Swinging Strike
1-1: Foul Ball, location: 2F
1-2: Foul Ball, location: 2F
1-2: Strikes out swinging
Top of the 4th over - 0 run(s), 0 hit(s), 0 error(s), 0 left on base; Santa Monica 1 - Mexico City 3
BOTTOM OF THE 4TH
Mexico City Cerveceros batting - Pitching for Santa Monica Bruins : RHP José Castro
Batting: LHB Chad Weaver 0-0: Fly out, F7 (Line Drive, 7LM)
Batting: LHB Javier Escobedo 0-0: Ball
1-0: Called Strike
1-1: Ball
2-1: Called Strike
2-2: Ball
3-2: Strikes out swinging
Batting: LHB Jesús Ramírez 0-0: Ball
1-0: SINGLE (Groundball, 3D)
Batting: RHB Robert Johnson 0-0: Fly out, F4 (Popup, 34D)
Bottom of the 4th over - 0 run(s), 1 hit(s), 0 error(s), 1 left on base; Santa Monica 1 - Mexico City 3
TOP OF THE 5TH
Santa Monica Bruins batting - Pitching for Mexico City Cerveceros : RHP Thomas Hughes
Batting: LHB Patrick Osborne 0-0: Foul Ball, location: 2F
0-1: Called Strike
0-2: Foul Ball, location: 2F
0-2: Foul Ball, location: 2F
0-2: Ball
1-2: Foul Ball, location: 2F
1-2: Fly out, F8 (Flyball, 8LM)
Batting: RHB Motoshige Yagi 0-0: Called Strike
0-1: Ball
1-1: Swinging Strike
1-2: Ball
2-2: Foul Ball, location: 2F
2-2: Ball
3-2: Foul Ball, location: 2F
3-2: Strikes out swinging
Batting: RHB Armando Méndez 0-0: Ball
1-0: Ball
2-0: Ball
3-0: Called Strike
3-1: Base on Balls
Batting: RHB Pablo Peña 0-0: Ball
1-0: Ball
2-0: Ball
3-0: SINGLE (Line Drive, 56D)
Armando Méndez to second
Batting: LHB Fernando De La Cruz 0-0: Called Strike
0-1: Swinging Strike
0-2: Ball
1-2: DOUBLE (Line Drive, 9LM)
Armando Méndez scores
Pablo Peña to third
Batting: LHB Germán Charfauros 0-0: Called Strike
0-1: Foul Ball, location: 2F
0-2: Ground out U3 (Groundball, 3S)
Top of the 5th over - 1 run(s), 2 hit(s), 0 error(s), 2 left on base; Santa Monica 2 - Mexico City 3
BOTTOM OF THE 5TH
Mexico City Cerveceros batting - Pitching for Santa Monica Bruins : RHP José Castro
Batting: RHB Dan Mason 0-0: Ball
1-0: Foul Ball, location: 2F
1-1: Called Strike
1-2: SOLO HOME RUN (Flyball, 8RXD), Distance : 424 ft
Batting: RHB Murai Ishihara 0-0: Ball
1-0: Ball
2-0: Ground out 5-3 (Groundball, 5)
Batting: LHB Luka Lagerweij 0-0: Ball
1-0: Called Strike
1-1: Ball
2-1: Ball
3-1: SINGLE (Line Drive, 89S)
Batting: RHB Dave Morgan 0-0: Foul Ball, location: 2F
0-1: Swinging Strike
0-2: DOUBLE (Line Drive, 7LM)
Luka Lagerweij to third
Runner from 3rd tries for Home, SAFE, throw made home
Batting: LHB Eduardo Gómez 0-0: Ball
1-0: Foul Ball, location: 2F
Balk!
Dave Morgan to third
1-1: Swinging Strike
1-2: Strikes out swinging
Batting: LHB Chad Weaver 0-0: Foul Ball, location: 2F
0-1: Called Strike
0-2: Strikes out swinging
Bottom of the 5th over - 2 run(s), 3 hit(s), 0 error(s), 1 left on base; Santa Monica 2 - Mexico City 5
TOP OF THE 6TH
Santa Monica Bruins batting - Pitching for Mexico City Cerveceros : RHP Thomas Hughes
Pitching: RHP Jared Cameron
Batting: LHB Cade Delaney 0-0: Ball
1-0: Ball
2-0: Swinging Strike
2-1: Swinging Strike
2-2: Ball
3-2: Fly out, F7 (Flyball, 7M)
Batting: RHB Juan Acuña 0-0: Foul Ball, location: 2F
0-1: Ball
1-1: Swinging Strike
1-2: Foul Ball, location: 2F
1-2: Strikes out swinging
Batting: LHB Matsusuke Yamasaki 0-0: Ball
1-0: Ball
2-0: Ball
3-0: Called Strike
3-1: Called Strike
3-2: Base on Balls
Batting: LHB Patrick Osborne 0-0: Foul Ball, location: 2F
0-1: Called Strike
0-2: Fly out, F6 (Popup, 6MD)
Top of the 6th over - 0 run(s), 0 hit(s), 0 error(s), 1 left on base; Santa Monica 2 - Mexico City 5
BOTTOM OF THE 6TH
Mexico City Cerveceros batting - Pitching for Santa Monica Bruins : RHP José Castro
Batting: LHB Javier Escobedo 0-0: Ball
1-0: Foul Ball, location: 2F
1-1: Ball
2-1: Ground out 6-3 (Groundball, 6)
Batting: LHB Jesús Ramírez 0-0: Ball
1-0: Ball
2-0: Ball
3-0: Called Strike
3-1: Fly out, F8 (Flyball, 8RM)
Batting: RHB Robert Johnson 0-0: Foul Ball, location: 2F
0-1: Ball
1-1: Ball
2-1: SOLO HOME RUN (Flyball, 7D), Distance : 352 ft
Batting: RHB Dan Mason 0-0: Ball
1-0: Fly out, F9 (Flyball, 89M)
Bottom of the 6th over - 1 run(s), 1 hit(s), 0 error(s), 0 left on base; Santa Monica 2 - Mexico City 6
TOP OF THE 7TH
Santa Monica Bruins batting - Pitching for Mexico City Cerveceros : RHP Jared Cameron
Batting: RHB Motoshige Yagi 0-0: Ball
1-0: Ground out 6-3 (Groundball, 6M)
Batting: RHB Armando Méndez 0-0: Ball
1-0: Called Strike
1-1: Foul Ball, location: 2F
1-2: TRIPLE (Flyball, 78XD)
Batting: RHB Pablo Peña 0-0: Swinging Strike
0-1: Swinging Strike
0-2: Ball
1-2: Strikes out swinging
Pitching: RHP Leonard Lewis
Batting: LHB Fernando De La Cruz 0-0: Ball
1-0: Ball
2-0: Called Strike
2-1: Ball
3-1: Foul Ball, location: 2F
3-2: Base on Balls
Batting: LHB Germán Charfauros 0-0: Called Strike
0-1: Ball
1-1: Ball
2-1: Foul Ball, location: 2F
2-2: Ball
3-2: Ground out 5-3 (Groundball, 56)
Top of the 7th over - 0 run(s), 1 hit(s), 0 error(s), 2 left on base; Santa Monica 2 - Mexico City 6
BOTTOM OF THE 7TH
Mexico City Cerveceros batting - Pitching for Santa Monica Bruins : RHP José Castro
Pitching: RHP Didyu Ghosh
Batting: RHB Murai Ishihara 0-0: Foul Ball, location: 2F
0-1: Foul Ball, location: 2F
0-2: Foul Ball, location: 2F
0-2: Ball
1-2: SOLO HOME RUN (Flyball, 8RXD), Distance : 410 ft
Batting: LHB Luka Lagerweij 0-0: Called Strike
0-1: Ball
1-1: Foul Ball, location: 2F
1-2: DOUBLE (Line Drive, 89M)
Batting: RHB Dave Morgan 0-0: Swinging Strike
0-1: Ball
1-1: Ball
2-1: Called Strike
2-2: Foul Ball, location: 2F
2-2: Ball
3-2: Base on Balls
Batting: LHB Eduardo Gómez 0-0: Ball
1-0: Called Strike
1-1: SINGLE (Line Drive, 8RS)
Luka Lagerweij to third
Dave Morgan to second
Batting: LHB Chad Weaver 0-0: Called Strike
0-1: Ball
1-1: Ball
2-1: Ball
3-1: Base on Balls
Luka Lagerweij scores
Dave Morgan to third
Eduardo Gómez to second
Batting: LHB Javier Escobedo 0-0: Ball
1-0: Ball
2-0: Called Strike
2-1: Foul Ball, location: 2F
2-2: Strikes out looking
Batting: LHB Jesús Ramírez 0-0: Called Strike
0-1: Ball
1-1: Ball
2-1: SINGLE (Groundball, 3D)
Dave Morgan scores
Eduardo Gómez to third
Chad Weaver to second
Runner from 3rd tries for Home, SAFE, throw made home
Pitching: RHP Pablo Montés
Batting: RHB Robert Johnson 0-0: Swinging Strike
0-1: Ball
1-1: Swinging Strike
1-2: Ball
Reached via error on a dropped throw, E4
Chad Weaver to third
Jesús Ramírez to second
Batting: RHB Dan Mason 0-0: Called Strike
0-1: Called Strike
0-2: Foul Ball, location: 2F
0-2: Ball
1-2: Ball
2-2: Fly out, F7 (Line Drive, 7D)
Runner from 3rd tags up, SCORES, no throw
Batting: RHB Murai Ishihara 0-0: Ball
1-0: Ground out 1-3 (Groundball, 15)
Bottom of the 7th over - 5 run(s), 4 hit(s), 1 error(s), 2 left on base; Santa Monica 2 - Mexico City 11
TOP OF THE 8TH
Santa Monica Bruins batting - Pitching for Mexico City Cerveceros : RHP Leonard Lewis
Batting: LHB Cade Delaney 0-0: Called Strike
0-1: Ball
1-1: Swinging Strike
1-2: Strikes out swinging
Batting: RHB Juan Acuña 0-0: Fly out, F1 (Popup, 25)
Batting: LHB Matsusuke Yamasaki 0-0: Called Strike
0-1: Fly out, F8 (Line Drive, 8LS)
Top of the 8th over - 0 run(s), 0 hit(s), 0 error(s), 0 left on base; Santa Monica 2 - Mexico City 11
BOTTOM OF THE 8TH
Mexico City Cerveceros batting - Pitching for Santa Monica Bruins : RHP Pablo Montés
Batting: LHB Luka Lagerweij 0-0: Ball
1-0: Called Strike
1-1: Swinging Strike
1-2: Fly out, F6 (Popup, 78S)
Batting: RHB Dave Morgan 0-0: Called Strike
0-1: Foul Ball, location: 2F
0-2: Foul Ball, location: 2F
0-2: Strikes out looking
Batting: LHB Eduardo Gómez 0-0: Ball
1-0: Ball
2-0: Called Strike
2-1: Called Strike
2-2: Foul Ball, location: 2F
2-2: SOLO HOME RUN (Flyball, 9LD), Distance : 326 ft
Batting: LHB Chad Weaver 0-0: Ball
1-0: Swinging Strike
1-1: Ball
2-1: Swinging Strike
2-2: Foul Ball, location: 2F
2-2: Fly out, F8 (Flyball, 8LS)
Bottom of the 8th over - 1 run(s), 1 hit(s), 0 error(s), 0 left on base; Santa Monica 2 - Mexico City 12
TOP OF THE 9TH
Santa Monica Bruins batting - Pitching for Mexico City Cerveceros : RHP Leonard Lewis
Now in RF: Víctor Carrillo
Batting: LHB Patrick Osborne 0-0: Ball
1-0: Foul Ball, location: 2F
1-1: Swinging Strike
1-2: Foul Ball, location: 2F
1-2: Ball
2-2: Strikes out looking
Batting: RHB Motoshige Yagi 0-0: Ball
1-0: Foul Ball, location: 2F
1-1: Foul Ball, location: 2F
1-2: Foul Ball, location: 2F
1-2: SINGLE (Flyball, 9LS)
Batting: RHB Armando Méndez 0-0: Foul Ball, location: 2F
0-1: Foul Ball, location: 2F
0-2: Strikes out looking
Batting: RHB Pablo Peña 0-0: Called Strike
0-1: Ball
1-1: Ball
2-1: Ball
3-1: Base on Balls
Motoshige Yagi to second
Batting: LHB Fernando De La Cruz 0-0: SINGLE (Groundball, 3L)
Motoshige Yagi to third
Pablo Peña to second
Runner from 3rd tries for Home, SAFE, no throw or cutoff
Batting: LHB Germán Charfauros 0-0: Ball
1-0: Called Strike
1-1: Foul Ball, location: 2F
1-2: Ball
2-2: Ground out 4-3 (Groundball, 4)
Top of the 9th over - 1 run(s), 2 hit(s), 0 error(s), 2 left on base; Santa Monica 3 - Mexico City 12
This league is powered by Out of the Park Baseball, the baseball management simulation game for PC, Mac and Linux
Wednesday, December 2nd, 2015 - OOTP Baseball 16.8 Build 38